 Dungeon Crawl Stone Soup version 0.31.0-32-g396128a36d (webtiles) character file.

Game seed: 6960192233066991074

1537 cdecastro the Reanimator (level 8, -1/67 HPs)
             Began as a Human Necromancer on Mar 18, 2024.
             Was a Follower of Uskayaw.
             Slain by a killer bee (2 damage)
             ... on level 7 of the Dungeon.
             The game lasted 00:14:44 (7775 turns).

cdecastro the Reanimator (Human Necromancer)        Turns: 7775, Time: 00:14:44

Health: -1/67      AC:  4    Str:  8    XL:     8   Next: 86%
Magic:  5/11       EV: 12    Int: 17    God:    Uskayaw [*.....]
Gold:   351        SH:  0    Dex: 15    Spells: 3/11 levels left

rFire   . . .        k - +0 dagger (venom)
rCold   . . .        (no shield)
rNeg    . . .        a - +0 robe
rPois   .            D - +1 helmet
rElec   .            (no cloak)
rCorr   +            (no gloves)
SInv    .            (no boots)
Will    +....        (no amulet)
Stlth   ++           A - ring of willpower
HPRegen 0.31/turn    B - ring of resist corrosion
MPRegen 0.12/turn

%: no passive effects
@: lethally poisoned (-1 -> -24), animating dead
A: explore regen
a: Renounce Religion, Stomp


You were on level 7 of the Dungeon.
You worshipped Uskayaw.
Uskayaw was noncommittal.
You visited 1 branch of the dungeon, and saw 7 of its levels.

You collected 351 gold pieces.

Inventory:

Hand Weapons
 d - a +0 club
 e - a +0 dagger
 k - a +0 dagger of venom (weapon)
 z - a +0 falchion
Missiles
 h - a throwing net
 v - 2 curare-tipped darts
 C - 5 poisoned darts
Armour
 a - a +0 robe (worn)
 g - a +0 leather armour
 D - a +1 helmet (worn)
Jewellery
 A - a ring of willpower (left hand)
 B - a ring of resist corrosion (right hand)
Wands
 y - a wand of flame (25)
 E - a wand of polymorph (9)
Scrolls
 c - a scroll of teleportation {unknown}
 l - 2 scrolls of immolation {unknown}
 o - 2 scrolls of vulnerability {unknown}
 q - a scroll of brand weapon {unknown}
 r - a scroll of enchant armour {unknown}
 s - a scroll of torment {unknown}
 t - a scroll of summoning {unknown}
 w - a scroll of blinking {unknown}
Potions
 b - a potion of magic
 i - 2 potions of haste
 j - 2 potions of attraction
 m - a potion of cancellation {unknown}
 n - a potion of heal wounds
 p - 4 potions of enlightenment
 u - a potion of curing
 x - a potion of brilliance {unknown}


   Skills:
 - Level 7.4 Fighting
 - Level 2.0 Dodging
 * Level 2.6 Stealth
 - Level 2.0 Spellcasting
 + Level 8.6 Necromancy


You had 3 spell levels left.
You knew the following spells:

 Your Spells              Type           Power      Damage    Failure   Level
a - Necrotise             Necr           100%       1d9       1%          1
b - Vampiric Draining     Necr           31%        2d8       1%          3
c - Animate Dead          Necr           31%        N/A       5%          4

Your spell library contained the following spells:

 Spells                   Type           Power      Damage    Failure   Level
 Kiss of Death            Conj/Necr      64%        2d10      3%          1
 Magic Dart               Conj           4%         1d3       19%         1
 Blink                    Tloc           2%         N/A       28%         2
 Call Imp                 Summ           2%         N/A       28%         2
 Mercury Vapours          Alch/Air       2%         N/A       28%         2
 Confusing Touch          Hex            1%         N/A       50%         3
 Mephitic Cloud           Conj/Alch/Air  1%         N/A       50%         3
 Dispel Undead            Necr           31%        3d14      5%          4
 Curse of Agony           Necr           31%        N/A       16%         5
 Brom's Barrelling Bould  Conj/Erth      1%         2d3       88%         4
 Fireball                 Conj/Fire      0%         3d3       99%         5
 Freezing Cloud           Conj/Ice/Air   0%         6-21      99%         5
 Iskenderun's Battlesphe  Conj           1%         2d6       99%         5
 Conjure Ball Lightning   Conj/Air       0%         3x3d6     100%        6
 Orb of Destruction       Conj           0%         9d5       100%        7


Dungeon Overview and Level Annotations

Branches:
Dungeon (7/15)
 Temple: D:4-7

Altars:
Ashenzari
Cheibriados
Dithmenos
Elyvilon
Kikubaaqudgha
Okawaru
Ru
Trog
Uskayaw
The Shining One

Shops:
D:2 [

Annotations:
D:1 vault need dig
D:5 1 runed translucent door, Crazy Yiuf


Innate Abilities, Weirdness & Mutations

You regain HP and MP as you explore.


Message History

The killer bee closely misses you. The killer bee stings you.
* * * LOW HITPOINT WARNING * * *
Unknown command.
You feel better. The killer bee stings you.
You are poisoned.
The killer bee poisons you! The killer bee stings you.
* * * LOW HITPOINT WARNING * * *
The killer bee stings you but does no damage.
The killer bee stings you.
* * * LOW HITPOINT WARNING * * *
You are more poisoned.
The killer bee poisons you! The killer bee barely misses you. x2
Unknown command.
You miss the killer bee.
You feel very sick. The killer bee stings you!
* * * LOW HITPOINT WARNING * * *
You are lethally poisoned!
The killer bee poisons you!
The killer bee stings you but does no damage.
The killer bee stings you.
* * * LOW HITPOINT WARNING * * *
The killer bee misses you. The killer bee barely misses you.
The killer bee stings you but does no damage.
Casting: Animate Dead (dangerous; 5% risk of failure)
Confirm with . or Enter, or press ? or * to list all spells.
Aiming: Vampiric Draining (safe; 1% risk of failure)
Press: ? - help, Shift-Dir - straight line, f - killer bee
Aim: a killer bee You draw life force from the killer bee!
You feel life coursing into your body.
* * * LOW HITPOINT WARNING * * *
You feel very sick. The killer bee closely misses you.
The killer bee stings you.
* * * LOW HITPOINT WARNING * * *
The killer bee stings you!
* * * LOW HITPOINT WARNING * * *
You are more poisoned.
The killer bee poisons you! The killer bee stings you.
You die...

... ####.#..##...##
...###..........#.##
...............##..# ####
.............####..# #..###
....#.........##...###.<..# ....
#........###..###....##..
#...##........###..##..........
#..............##..#...........
.......#..#...yy@.....#......#.#
..........#....yy....##.....## #
.....................#...#....
........................##.....
......................#.# ....#
.......................... ..
.##.#......................
##....................##.
..8⌠..................#


You could see 4 killer bees.

Vanquished Creatures
  Eustachio (D:5)
  A sky beast (D:6)
  3 black bears
  4 ogres
  A bombardier beetle (D:4)
  2 jellies
  4 hounds
  An orc priest (D:4)
  A gnoll bouda (D:6)
  Jessica (D:2)
  3 iguanas (D:6)
  2 orc wizards (D:3)
  6 adders
  8 gnolls (D:6)
  2 shadow imps
  2 ribbon worms
  2 dart slugs
  6 orcs
  4 endoplasms
  3 giant cockroaches
  11 goblins
  6 hobgoblins
  5 jackals (D:2)
  9 quokkas
  4 ball pythons
  5 bats
  2 frilled lizards
  6 kobolds
  7 rats
112 creatures vanquished.

Vanquished Creatures (collateral kills)
  A jelly (D:6)
  A dart slug (D:2)
  A goblin (D:1)
  A jackal (D:2)
  A rat (D:1)
5 creatures vanquished.

Vanquished Creatures (others)
  A gnoll zombie (D:6)
1 creature vanquished.

Grand Total: 118 creatures vanquished

Notes
Turn   | Place    | Note
-------+----------+-------------------------------------------
     0 | D:1      | cdecastro the Human Necromancer began the quest for the
                  | Orb.
     0 | D:1      | Reached XP level 1. HP: 13/13 MP: 3/3
   431 | D:1      | Reached XP level 2. HP: 19/19 MP: 0/5
  1231 | D:2      | Reached XP level 3. HP: 19/24 MP: 0/6
  1480 | D:2      | Reached skill level 5 in Necromancy
  2081 | D:2      | Found Habbem's Armour Shoppe.
  2187 | D:2      | Noticed Jessica
  2191 | D:2      | Killed Jessica
  2192 | D:2      | Reached XP level 4. HP: 30/30 MP: 3/7
  2476 | D:3      | Found a hide-covered altar of Uskayaw.
  2495 | D:3      | Became a worshipper of Uskayaw the Reveller
  2550 | D:3      | Reached * piety under Uskayaw
  2732 | D:3      | Reached ** piety under Uskayaw
  2733 | D:3      | Reached skill level 6 in Necromancy
  3105 | D:3      | Reached *** piety under Uskayaw
  3107 | D:3      | Reached XP level 5. HP: 28/35 MP: 0/8
  3345 | D:3      | Learned a level 3 spell: Vampiric Draining
  3350 | D:3      | Learned a level 4 spell: Animate Dead
  3482 | D:4      | Noticed a black bear
  3489 | D:4      | Killed a black bear
  3490 | D:4      | Reached XP level 6. HP: 44/44 MP: 6/9
  3625 | D:4      | Noticed a black bear
  3634 | D:4      | Killed a black bear
  3635 | D:4      | Reached skill level 7 in Necromancy
  3719 | D:4      | Found a sacrificial altar of Ru.
  3831 | D:4      | Found a snail-covered altar of Cheibriados.
  3910 | D:4      | Reached XP level 7. HP: 53/53 MP: 7/10
  4089 | D:4      | Found a broken altar of Ashenzari.
  4533 | D:5      | Entered Level 5 of the Dungeon
  4533 | D:5      | Noticed Eustachio
  4645 | D:5      | Killed Eustachio
  4725 | D:5      | Found an ancient bone altar of Kikubaaqudgha.
  4782 | D:5      | Reached skill level 5 in Fighting
  4807 | D:5      | Found a shadowy altar of Dithmenos.
  4807 | D:5      | Found a white marble altar of Elyvilon.
  5039 | D:5      | Found a runed translucent door.
  5040 | D:5      | Noticed Crazy Yiuf
  5123 | D:5      | Reached XP level 8. HP: 63/63 MP: 6/11
  5253 | D:5      | Reached skill level 8 in Necromancy
  6102 | D:6      | Found a bloodstained altar of Trog.
  6864 | D:6      | Found a glowing golden altar of the Shining One.
  7017 | D:6      | Found an iron altar of Okawaru.
  7775 | D:7      | HP: 1/67 [killer bee (8)]
  7775 | D:7      | Slain by a killer bee

Illustrated notes

Levels and vault maps discovered:
D:1:      lightli_arrival_farm, layout_loops_ring, minmay_surrounded
D:2:      layout_basic, serial_shops, nicolae_shop_behind_doors,
          minmay_quantized, uniq_jessica
D:3:      layout_loops_ring, mainiacjoe_overflow_chevrons
D:4:      layout_loops_ring, lemuel_crystal_altar, old_standard_altar,
          mainiacjoe_overflow_boulevard
D:5:      layout_gridville, kiku_gazebo_garden_becter,
          gammafunk_temple_overflow_pools, uniq_eustachio,
          uniq_crazy_yiuf_cottage
D:6:      layout_basic, tso_oasis_becter, mainiacjoe_overflow_alcove_2,
          old_standard_altar, minivault_5
D:7:      layout_cave_pools, led_xom_imps, old_standard_altar,
          minmay_temple_entry_drinking_statues

Skill      XL: |  1  2  3  4  5  6  7  8 |
---------------+-------------------------+-----
Necromancy     | 5 6 7 8 |  8.6
Fighting       | 2 3 5 7 |  7.4
Dodging        | |  2.0
Stealth        | |  2.6
Spellcasting   | |  2.0

Action                     |  1- 3 |  4- 6 |  7- 9 || total
---------------------------+-------+-------+-------++-------
  Melee: Club              |     2 |       |       ||     2
         Dagger            |    15 |    35 |   220 ||   270
         Punch             |       |       |     2 ||     2
  Throw: Dart              |       |     5 |     1 ||     6
   Cast: Necrotise         |    60 |    53 |    10 ||   123
         Vampiric Draining |       |       |    16 ||    16
         Animate Dead      |       |       |     3 ||     3
    Use: Scroll            |       |       |     5 ||     5
         Potion            |       |       |     3 ||     3
   Stab: Sleeping          |       |       |     2 ||     2
 Armour: Robe              |    19 |    31 |   174 ||   224
  Dodge: Dodged            |    18 |    22 |   171 ||   211
